 Dungeon Crawl Stone Soup version 0.23.2 (webtiles) character file.

Game seed: 3292355781257268666

105 Borgoz the Sneak (level 4, 0/35 HPs)
             Began as a Ghoul Enchanter on Apr 4, 2019.
             Slain by an orc wizard
             ... wielding a +0 dagger of holy wrath
              (2 damage)
             ... on level 3 of the Dungeon.
             The game lasted 00:04:16 (2502 turns).

Borgoz the Sneak (Ghoul Enchanter)                  Turns: 2502, Time: 00:04:17

Health: 0/35       AC:  5    Str: 10 (11) XL:     4   Next: 81%
Magic:  5/5        EV: 11    Int:  8 (10) God:
Gold:   161        SH:  0    Dex:  9 (10) Spells: 3/6 levels left

rFire    + . .     SeeInvis +   g - +0 short sword
rCold    + + .     Gourm    .   (no shield)
rNeg     + + +     Faith    .   b - +0 ring mail
rPois    ∞         Spirit   .   (no helmet)
rElec    +         Reflect  .   (no cloak)
rCorr    +         Harm     .   (no gloves)
MR       .....                  (no boots)
Stlth    +.........             (no amulet)
HPRegen  0.00/turn              h - ring of see invisible
MPRegen  0.09/turn              (no ring)

@: resistant, rotting, slowed, very slow
A: rotting body, claws 1, carnivore, cold resistance 1, negative energy
resistance 3, inhibited regeneration, torment resistance, unbreathing
a: no special abilities


You were on level 3 of the Dungeon.
You were not hungry.

You visited 1 branch of the dungeon, and saw 3 of its levels.

You collected 161 gold pieces.

Inventory:

Hand Weapons
 g - a +0 short sword (weapon)
Missiles
 n - 7 tomahawks (quivered)
Armour
 b - a +0 ring mail (worn)
Jewellery
 h - a ring of see invisible (left claw)
Scrolls
 a - 3 scrolls of random uselessness {unknown}
 c - a scroll of fear {unknown}
 e - a scroll of blinking {unknown}
 f - a scroll of enchant armour {unknown}
 j - 2 scrolls of teleportation {unknown}
 m - a scroll of identify {unknown}
 o - a scroll of fog {unknown}
Comestibles
 d - 5 rations
 p - a chunk of flesh


   Skills:
 + Level 1.3 Fighting
 * Level 2.2 Short Blades
 * Level 1.7 Armour
 * Level 2.7 Dodging
 - Level 3.2 Stealth
 - Level 1.7 Spellcasting
 - Level 2.4 Hexes


You had 3 spell levels left.
You knew the following spells:

 Your Spells              Type           Power        Failure   Level  Hunger
a - Corona                Hex            #......      34%         1    ##.....
b - Ensorcelled Hibernat  Hex/Ice        #.....       65%         2    ###....

Your spell library contained the following spells:

 Spells                   Type           Power        Failure   Level  Hunger
 Confuse                  Hex            #.......     71%         3    ####...
 Tukima's Dance           Hex            #.......     71%         3    ####...
 Dazzling Spray           Conj/Hex       #.....       86%         3    ####...


Dungeon Overview and Level Annotations

Branches:
Dungeon (3/15)

Altars:
Dithmenos
Elyvilon
Wu Jian

Annotations:
D:2 Sigmund


Innate Abilities, Weirdness & Mutations

Your body is rotting away.
You thrive on raw meat.
You are immune to poison.
You have sharp fingernails.
You are carnivorous and can eat meat at any time.
Your flesh is cold resistant. (rC+)
You are immune to negative energy. (rN+++)
You do not regenerate when monsters are visible.
You are immune to unholy pain and torment.
You can survive without breathing.


Message History

* * * LOW HITPOINT WARNING * * *
You convulse.
* * * LOW HITPOINT WARNING * * *
The orc wizard points at you and mumbles some strange words.
You feel yourself slow down.
The orc wizard casts a spell.
The orc wizard blinks!
There is an open door here.
You close the door.
An orc wizard opens the door.
The orc wizard hits you but does no damage.
You barely miss the orc wizard.
The orc wizard is moderately wounded.
The orc wizard hits you but does no damage. x2
You closely miss the orc wizard.
The orc wizard is moderately wounded.
The orc wizard points at you and mumbles some strange words.
The magic dart hits you.
* * * LOW HITPOINT WARNING * * *
The orc wizard hits you with a +0 dagger of holy wrath.
You die...

#################
#.##...#[.........#.
#(.....)...#.####.#.
#.###.#####......... #..#####
#.# #######.## ....... ##'## #.#
....######...## #.#
.......##o....## ###.#
##...##.#.@.....## ##.#.#
#######....##..........####....#
.......................'.......#
#######.÷..##..........####...##
##..###.#.......## ##.##
##.....##.....## #.#
#.#######...## #.# #.# ##'## #.#
#.# #.# #.#


You could see an orc wizard.

Vanquished Creatures
  An orc wizard (D:3)
  An adder (D:2)
  3 oozes
  A dart slug (D:2)
  A leopard gecko (D:1)
  6 orcs (D:3)
  4 giant cockroaches
  3 hobgoblins
  3 quokkas (D:3)
  A ball python (D:1)
  3 bats (D:1)
  2 frilled lizards (D:3)
  4 goblins
  6 kobolds
  13 rats
52 creatures vanquished.

Notes
Turn   | Place    | Note
-------+----------+-------------------------------------------
     0 | D:1      | Borgoz the Ghoul Enchanter began the quest for the Orb.
     0 | D:1      | Reached XP level 1. HP: 14/14 MP: 2/2
     7 | D:1      | Reached skill level 1 in Short Blades
   192 | D:1      | Reached XP level 2. HP: 12/22 MP: 3/3
   576 | D:1      | Learned a level 2 spell: Ensorcelled Hibernation
   899 | D:1      | Reached skill level 1 in Armour
   899 | D:1      | Reached XP level 3. HP: 21/27 MP: 4/4
  1275 | D:2      | Noticed Sigmund
  1392 | D:2      | Found a white marble altar of Elyvilon.
  1455 | D:2      | Reached skill level 1 in Fighting
  1883 | D:3      | Reached XP level 4. HP: 35/35 MP: 5/5
  1972 | D:3      | Found a shadowy altar of Dithmenos.
  2411 | D:3      | Found an ornate altar of the Wu Jian Council.
  2502 | D:3      | Slain by an orc wizard

Skill      XL: |  1  2  3 |
---------------+----------+-----
Short Blades   | 1 2 |  2.2
Dodging        | 2 |  2.7
Armour         | 1 |  1.7
Fighting       | 1 |  1.3
Stealth        | |  3.2
Spellcasting   | |  1.7
Hexes          | |  2.4

Action                   |  1- 3 |  4- 6 || total
-------------------------+-------+-------++-------
Melee: Dagger            |    24 |       ||    24
       Short sword       |   137 |    93 ||   230
Throw: Tomahawk          |       |     1 ||     1
  Use: Potion            |       |     4 ||     4
 Stab: Sleeping          |     5 |     1 ||     6
  Eat: Chunk             |     6 |     1 ||     7
Armor: Ring mail         |    73 |    20 ||    93
Dodge: Dodged            |   107 |    43 ||   150
